 Dungeon Crawl Stone Soup version 0.23-a0-242-g2b5ca64 (console) character file.

72 swinepaste the Cudgeler (level 4, -2/35 HPs)
             Began as a Demonspawn Monk on Sept 28, 2018.
             Slain by Grinder (8 damage)
             ... on level 3 of the Dungeon.
             The game lasted 00:03:12 (1794 turns).

swinepaste the Cudgeler (Demonspawn Monk)           Turns: 1794, Time: 00:03:13

Health: -2/35      AC:  5    Str: 11    XL:     4   Next: 7%
Magic:  4/4        EV: 13    Int: 12    God:
Gold:   95         SH:  0    Dex: 16    Spells: 3/3 levels left

rFire    . . .     SeeInvis .   a - +0 mace
rCold    . . .     Gourm    .   (no shield)
rNeg     . . .     Faith    .   b - +0 robe
rPois    .         Spirit   .   (no helmet)
rElec    .         Reflect  .   m - +0 cloak
rCorr    .         Harm     .   (no gloves)
MR       +....                  (no boots)
Stlth    ++........             (no amulet)
HPRegen  0.11/turn              e - ring of protection from magic
MPRegen  0.09/turn              (no ring)

@: lethally poisoned (-2 -> -4)
A: hooves 1, molten scales 1
a: no special abilities


You were on level 3 of the Dungeon.
You were not hungry.

You visited 1 branch of the dungeon, and saw 3 of its levels.

You collected 95 gold pieces.

Inventory:

Hand Weapons
 a - a +0 mace (weapon)
Armour
 b - a +0 robe (worn)
 m - a +0 cloak (worn)
Jewellery
 e - a ring of protection from magic (left hand)
 l - an uncursed ring of ice
Scrolls
 f - 2 scrolls of teleportation {unknown}
 g - 2 scrolls of fear {unknown}
 h - a scroll of blinking {unknown}
 i - a scroll of magic mapping {unknown}
 j - 2 scrolls of identify {unknown}
 k - a scroll of enchant weapon {unknown}
Comestibles
 c - 4 rations


   Skills:
 - Level 3.0 Fighting
 + Level 4.5 Maces & Flails
 - Level 2.6 Dodging
 - Level 1.7 Stealth


You had 3 spell levels left.
You didn't know any spells.
Your spell library was empty.

Dungeon Overview and Level Annotations

Branches:
Dungeon (3/15)

Altars:
Cheibriados

Annotations:
D:3 Grinder


Innate Abilities, Weirdness & Mutations

You have large cloven feet.
You are partially covered in molten scales. (AC +2)


Message History

You closely miss Grinder. Grinder hits you.
You writhe in agony.
You sock Grinder!
Grinder is lightly wounded.
You feel sick. Grinder hits you.
You writhe in agony.
Grinder hits you but does no damage.
You aren't carrying any items that you can evoke.
You hit Grinder.
Grinder is moderately wounded.
Grinder closely misses you.
You hit Grinder.
Grinder is moderately wounded.
Grinder barely misses you.
You barely miss Grinder.
Grinder is moderately wounded.
You feel sick. Grinder hits you.
You writhe in agony.
* * * LOW HITPOINT WARNING * * *
You hit Grinder. Your kick misses Grinder.
Grinder is heavily wounded.
Grinder hits you!
You die...

########....< #.....
###..... ###.......
#
###########...#.....
..
....................
...
###....#########.
.... #####..#### #.
≈..≈≈ #..65.## #.
.≈≈≈..##.##### #.
≈≈≈.≈....# #.
≈≈≈.≈...S# #.
≈≈≈......# #.
≈≈≈.≈....# ..
≈≈≈..#....
≈≈≈..#..... ≈≈≈.
#..#..


You could see Grinder.

Vanquished Creatures
  2 adders
  An ooze (D:1)
  2 dart slugs (D:1)
  2 leopard geckos
  2 goblins
  7 hobgoblins
  11 kobolds
  6 bats
  4 frilled lizards
  7 rats
44 creatures vanquished.

Notes
Turn   | Place    | Note
-------+----------+-------------------------------------------
     0 | D:1      | swinepaste the Demonspawn Monk began the quest for the Orb.
     0 | D:1      | Reached XP level 1. HP: 18/18 MP: 1/1
    53 | D:1      | Reached skill level 3 in Maces & Flails
    59 | D:1      | Gained mutation: You have large cloven feet. [demonic
                  | ancestry]
    59 | D:1      | Reached XP level 2. HP: 7/24 MP: 2/2
    78 | D:1      | HP: 1/24 [frilled lizard (3)]
   916 | D:1      | Gained mutation: You are partially covered in molten
                  | scales. (AC +2) [demonic ancestry]
   916 | D:1      | Reached XP level 3. HP: 25/29 MP: 3/3
  1218 | D:2      | Reached skill level 4 in Maces & Flails
  1420 | D:2      | Found a snail-covered altar of Cheibriados.
  1775 | D:3      | Noticed Grinder
  1788 | D:3      | Reached XP level 4. HP: 30/35 MP: 4/4
  1794 | D:3      | Slain by Grinder

Vault maps used:
D:1:      dpeg_arrival_windows_large_door
D:2:      lemuel_round_altar, grunt_ministairs_1
D:3:      lemuel_crystal_altar, lemuel_crystal_altar, marbit_many_paths,
          fedhas_altar_4, lemuel_coloured_pillars_altar,
          chequers_ecumenical_altar_island, kennysheep_generic_room_4,
          uniq_grinder

Skill      XL: |  1  2  3 |
---------------+----------+-----
Maces & Flails | 3 4 |  4.5
Fighting       | |  3.0
Dodging        | |  2.6
Stealth        | |  1.7

Action                   |  1- 3 |  4- 6 || total
-------------------------+-------+-------++-------
Melee: Mace              |   124 |     6 ||   130
       Kick              |    18 |       ||    18
 Stab: Sleeping          |     2 |       ||     2
  Eat: Chunk             |     3 |       ||     3
Armor: Robe              |    26 |     1 ||    27
Dodge: Dodged            |    99 |     3 ||   102

Table legend:
 A = Non-vault XP
 B = Vault XP
 C = Vault XP percentage of total XP
 D = Non-vault monster count
 E = Vault monster count
 F = Vault count percentage of total count
                 A         B        C        D         E       F
            +---------+---------+-------+---------+---------+-------
      Total |      89 |      15 |  14.4 |      42 |       2 |   4.5
            +---------+---------+-------+---------+---------+-------
        D:1 |      51 |       0 |   0.0 |      28 |       0 |   0.0
        D:2 |      25 |      15 |  37.5 |      13 |       2 |  13.3
        D:3 |      13 |       0 |   0.0 |       1 |       0 |   0.0
            +---------+---------+-------+---------+---------+-------
